 Dungeon Crawl Stone Soup version 0.30-a0-1123-gabc949cf19 (webtiles) character file.

Game seed: 4043388162363372458

205 dialectric the Trooper (level 6, -7/48 HPs)
             Began as a Formicid Fighter on Apr 22, 2023.
             Was a Follower of Cheibriados.
             Mangled by Edmund
             ... wielding a +4 flail of holy wrath
              (15 damage)
             ... on level 4 of the Dungeon.
             The game lasted 00:03:29 (2297 turns).

dialectric the Trooper (Formicid Fighter)           Turns: 2297, Time: 00:03:30

Health: -7/48      AC:  7    Str: 22    XL:     6   Next: 10%
Magic:  0/6        EV: 11    Int: 10    God:    Cheibriados [*.....]
Gold:   203        SH:  0    Dex: 17    Spells: 5/5 levels left

rFire   . . .        a - +1 quarterstaff
rCold   . . .        (no shield)
rNeg    . . .        b - +0 scale mail
rPois   .            (helmet unavailable)
rElec   .            (no cloak)
rCorr   .            (no gloves)
SInv    +            (no boots)
Will    .....        u - amulet of guardian spirit Stlth
                     (no ring)
HPRegen 0.28/turn    (no ring)
MPRegen 0.10/turn

%: guardian spirit
@: very slow
A: permanent stasis, dig shafts and tunnels, antennae 3, four strong arms
a: Dig, Shaft Self, Renounce Religion, Bend Time


You were on level 4 of the Dungeon.
You worshipped Cheibriados.
Cheibriados was aware of your devotion.
You visited 1 branch of the dungeon, and saw 4 of its levels.

You collected 203 gold pieces.

Inventory:

Hand Weapons
 a - a +1 quarterstaff (weapon)
 o - the +0 whip "Hishrage" {venom, rC+ Str+2}
   (You found it on level 2 of the Dungeon)

   Str:       It affects your strength (+2).
   rC:        It protects you from cold.
Missiles
 k - 6 poisoned darts
Armour
 b - a +0 scale mail (worn)
 c - a +0 buckler
Jewellery
 f - an amulet of faith
 u - an amulet of guardian spirit (around neck)
Wands
 s - a wand of light (14)
Scrolls
 e - a scroll of vulnerability {unknown}
 g - a scroll of enchant armour {unknown}
 h - 2 scrolls of teleportation {unknown}
 i - 3 scrolls of identify
 j - 2 scrolls of magic mapping {unknown}
 l - 2 scrolls of poison {unknown}
 r - a scroll of acquirement {unknown}
 v - a scroll of silence {unknown}
 w - a scroll of amnesia {unknown}
 A - a scroll of immolation
Potions
 m - a potion of haste {unknown}
 n - 3 potions of heal wounds
 p - a potion of lignification {unknown}
 q - a potion of mutation {unknown}
 t - 2 potions of brilliance {unknown}
 x - 2 potions of curing {unknown}
 z - a potion of flight {unknown}


   Skills:
 + Level 4.3 Fighting
 + Level 3.9 Staves
 - Level 4.0 Armour
 * Level 2.0 Dodging
 + Level 0.7 Stealth
 - Level 4.0 Shields


You had 5 spell levels left.
You didn't know any spells.
Your spell library contained the following spells:

 Spells                   Type           Power      Damage    Failure   Level
 Freeze                   Ice            0%         1d3       67%         1
 Lesser Beckoning         Tloc           0%         N/A       82%         2
 Momentum Strike          Conj/Tloc      0%         3d8       82%         2
 Frozen Ramparts          Ice            0%         1d1       96%         3
 Gell's Gravitas          Tloc           0%         N/A       96%         3
 Hailstorm                Conj/Ice       0%         3d3       96%         3
 Teleport Other           Tloc           0%         N/A       96%         3
 Dispersal                Tloc           0%         N/A       100%        6
 Blink                    Tloc           Unusable   N/A       N/A         2

Dungeon Overview and Level Annotations

Branches:
Dungeon (4/15)             Temple (0/1) D:4

Altars:
Cheibriados
Makhleb
Yredelemnul

Annotations:
D:4 Edmund


Innate Abilities, Weirdness & Mutations

You cannot be hasted, slowed, berserked, paralysed or teleported.
You can dig through walls and to a lower floor.
You have a pair of large antennae on your head. (SInv)
Your four strong arms can wield two-handed weapons with a shield.


Message History

The jelly hits you but does no damage.
You sock the jelly!
You kill the jelly!
Cheibriados appreciates the change of pace.
You have reached level 6!
There is a stone staircase leading down here.
d - a scroll labelled VOCRAI BYLOOG
As you read the scroll labelled VOCRAI BYLOOG, it crumbles to dust.
You hear a loud clanging noise!
It was a scroll of noise.
You hear a shout! x2
You sense a monster nearby.
Edmund is nearby!
Edmund is nearby!
You barely miss Edmund. Edmund completely misses you.
Edmund drinks a potion.
Edmund goes berserk!
Okay, then.
As you read the scroll labelled UFUT BETEPIG, it crumbles to dust.
It is a scroll of enchant weapon.
Your +0 quarterstaff glows red for a moment.
Edmund hits you with a +4 flail of holy wrath.
A giant cockroach comes into view.
You hit Edmund.
Edmund is lightly wounded.
Edmund hits you with a +4 flail of holy wrath!
Edmund closely misses you.
You barely miss Edmund.
Edmund is lightly wounded.
Edmund hits you with a +4 flail of holy wrath!
You thump Edmund!
Edmund is moderately wounded.
Edmund hits you with a +4 flail of holy wrath!
* * * LOW HITPOINT WARNING * * *
Edmund hits you with a +4 flail of holy wrath!
* * * LOW HITPOINT WARNING * * *
You sock Edmund!
Edmund is heavily wounded.
Edmund closely misses you.
Edmund hits you with a +4 flail of holy wrath!
You die...

.....# .....#
+............. ..>..# ..
#.............#
....##....#.............#
....##....#.............#
..........#.............#
..........+...B.........#
..........#.............#
....##....#....@@.......#
....#######.....#.###...
).........#.....#...#
..........#.....#...#
.....[....'.....#...#
....#######.....#>..#
....##....#.....#...#
..........#.....#...#
..........#.....#...+


You could see Edmund (berserk) and a giant cockroach.

Vanquished Creatures
  A scorpion (D:4)
  A jelly (D:4)
  3 gnolls (D:4)
  3 adders
  2 worms (D:2)
  A dart slug (D:2)
  An orc (D:4)
  5 ball pythons
  2 endoplasms
  2 giant cockroaches (D:1)
  2 goblins (D:2)
  2 hobgoblins
  6 jackals (D:3)
  3 kobolds
  2 quokkas
  4 bats
  2 frilled lizards
  2 rats
44 creatures vanquished.

Notes
Turn   | Place    | Note
-------+----------+-------------------------------------------
     0 | D:1      | dialectric the Formicid Fighter began the quest for the
                  | Orb.
     0 | D:1      | Reached XP level 1. HP: 18/18 MP: 1/1
   254 | D:1      | Reached XP level 2. HP: 23/24 MP: 2/2
   886 | D:2      | Reached XP level 3. HP: 21/30 MP: 3/3
  1072 | D:2      | Reached XP level 4. HP: 37/37 MP: 4/4
  1086 | D:2      | Identified the +0 whip "Hishrage" {venom, rC+ Str+2}
  1745 | D:3      | Reached skill level 1 in Dodging
  1769 | D:3      | Found a faded altar of an unknown god.
  1776 | D:3      | You fall into a shaft and drop 1 floor!
  1804 | D:4      | Noticed a scorpion
  1816 | D:4      | Killed a scorpion
  1817 | D:4      | Reached XP level 5. HP: 35/42 MP: 5/5
  1887 | D:4      | Found a burning altar of Makhleb.
  1891 | D:4      | Found a basalt altar of Yredelemnul.
  2037 | D:3      | Prayed at the altar of an unknown god.
  2037 | D:3      | Became a worshipper of Cheibriados the Contemplative
  2037 | D:3      | Reached * piety under Cheibriados
  2074 | D:4      | Found a staircase to the Ecumenical Temple.
  2259 | D:4      | Noticed Edmund
  2266 | D:4      | Reached XP level 6. HP: 44/48 MP: 3/6
  2297 | D:4      | Mangled by Edmund

Illustrated notes

Levels and vault maps discovered:
D:1:      amcnicky_arrival_flooded_fountain, layout_basic,
          minmay_strange_pillars
D:2:      layout_basic, minmay_randomly_rotated_circles
D:3:      layout_rooms, hellmonk_ecumenical_altar_blasted
D:4:      layout_gridville, nicolae_overflow_hidden_temple, uniq_edmund

Skill      XL: |  1  2  3  4  5 |
---------------+----------------+-----
Armour         | 4 |  4.0
Fighting       | 4 |  4.3
Dodging        | 1 2 |  2.0
Staves         | 3 |  3.9
Stealth        | |  0.7
Shields        | |  4.0

Action                     |  1- 3 |  4- 6 || total
---------------------------+-------+-------++-------
  Melee: Quarterstaff      |    58 |    61 ||   119
    Use: Scroll            |       |     3 ||     3
         Potion            |       |     1 ||     1
 Armour: Scale mail        |    23 |    29 ||    52
  Dodge: Dodged            |    32 |    41 ||    73

Table legend: (Time is in decaauts)
 A = Elapsed time spent in this place.
 B = Non-inter-level travel time spent in this place.
 C = Inter-level travel time spent in this place.
 D = Time resting spent in this place.
 E = Time spent auto-exploring this place.
 F = Levels seen in this place.
 G = Mean time per level.
                   A        B        C        D        E       F      G
               +--------+--------+--------+--------+--------+-----+--------+
         Total |   2363 |   2306 |     57 |      0 |   1826 |   4 |  590.8 |
       Dungeon |   2363 |   2306 |     57 |      0 |   1826 |   4 |  590.8 |
               +--------+--------+--------+--------+--------+-----+--------+

Top non-repeatable levels by time:
     D:1: 803 daAuts
     D:2: 694 daAuts
     D:3: 468 daAuts
     D:4: 398 daAuts
